 Dungeon Crawl Stone Soup version 0.16.1-11-g651b585 (webtiles) character file.

1455 abixa the Slasher (level 9, 0/68 HPs)
             Began as a Human Warper on Apr 2, 2015.
             Was a Believer of Okawaru.
             Slain by a wyvern zombie (2 damage)
             ... on level 6 of the Dungeon.
             The game lasted 00:29:06 (8179 turns).

abixa the Slasher (Human Warper)                    Turns: 8179, Time: 00:29:06

Health: 0/68       AC:  6    Str: 11    XL:     9   Next: 5%
Magic:  0/14       EV: 10    Int: 18    God:    Okawaru [**....]
Gold:   52         SH:  0    Dex: 12    Spells: 2 memorised, 9 levels left

rFire  . . .     SeeInvis .     a - +8 falchion "Cluhoc" {vamp, +Fly}
rCold  . . .     Clarity  .     y - +0 ring mail (curse)
rNeg   . . .     SustAb   .     (no shield)
rPois  .         Gourm    .     (no helmet)
rElec  .         Spirit   .     u - +0 cloak
rCorr  .         Warding  .     (no gloves)
rMut   .         Stasis   .     (no boots)
MR     .....                    (no amulet)
Stlth  +.........               (no ring)
                                (no ring)

@: very slightly contaminated, not resistant to hostile enchantments, very
unstealthy
A: no striking features
a: Heroism, Renounce Religion, Evoke Flight


You were on level 6 of the Dungeon.
You worshipped Okawaru.
Okawaru was pleased with you.
You were very hungry.

You visited 2 branches of the dungeon, and saw 7 of its levels.

You collected 268 gold pieces.
You spent 216 gold pieces at shops.

Inventory:

Hand weapons
 a - the +8 falchion "Cluhoc" (weapon) {vamp, +Fly}
   (You bought it in a shop on level 4 of the Dungeon)

   It inflicts no extra harm, but heals its wielder somewhat when it strikes a
   living foe.
   It lets you fly.
 b - a +0 hunting sling
 l - the +8 short sword of Amakim {holy, +Rage MR+ Int-3 Dex+3 Stlth+, unknown}
   (You found it on level 4 of the Dungeon)

   It has been blessed by the Shining One to cause great damage to the undead
   and demons.
   It affects your intelligence (-3).
   It affects your dexterity (+3).
   It affects your resistance to hostile enchantments.
   It lets you go berserk.
   It makes you more stealthy.
 A - a cursed -3 spear
 G - a +0 falchion
 K - a +0 blowgun
Missiles
 g - 147 stones (quivered)
 i - 40 bolts
 v - 30 bolts of frost
 B - 46 sling bullets
 C - 17 arrows
 D - 51 poisoned needles
 M - 14 exploding sling bullets
Armour
 u - a +0 cloak (worn)
 y - a cursed +0 ring mail (worn)
Magical devices
 F - a wand of confusion (0)
 I - a wand of slowing (7)
 J - a wand of teleportation (3)
Scrolls
 d - a scroll of blinking
 h - 2 scrolls of enchant weapon
 m - a scroll of random uselessness {unknown}
 n - 3 scrolls of remove curse
 q - 3 scrolls of enchant armour
 w - 2 scrolls of recharging {unknown}
 z - a scroll of fog {unknown}
Potions
 j - 7 potions of curing
 k - 2 potions of flight
 o - a potion of heal wounds {unknown}
 p - a potion of cancellation {unknown}
 r - a potion of poison {unknown}
 x - 2 potions of agility
 H - 2 potions of might
Books
 c - a book of Spatial Translocations

   Spells                             Type                      Level
   a - Apportation                    Translocation                1
   b - Blink                          Translocation                2
   c - Shroud of Golubria             Charms/Translocation         2
   d - Portal Projectile              Translocation                3
   e - Teleport Other                 Translocation                3
   f - Passage of Golubria            Translocation                4
 E - a book of the Sky

   Spells                             Type                      Level
   a - Flight                         Charms/Air                   3
   b - Airstrike                      Air                          4
   c - Silence                        Hexes/Air                    5
   d - Deflect Missiles               Charms/Air                   6
   e - Conjure Ball Lightning         Conjuration/Air              6
   f - Tornado                        Air                          9
Comestibles
 f - 4 bread rations
 s - a meat ration
 t - a beef jerky


   Skills:
 - Level 5.0 Fighting
 + Level 7.8 Long Blades
 - Level 1.0 Throwing
 + Level 1.3 Armour
 - Level 2.0 Dodging
 - Level 2.0 Spellcasting
 + Level 6.3 Translocations


You had 9 spell levels left.
You knew the following spells:

 Your Spells              Type           Power        Failure   Level  Hunger
a - Apportation           Tloc           ###.......   3%          1    #......
b - Blink                 Tloc           N/A          6%          2    ###....


Dungeon Overview and Level Annotations

Branches:
Dungeon (6/15)             Temple (1/1) D:4

Altars:
Ashenzari
Dithmenos
Elyvilon
Fedhas
Gozag
Kikubaaqudgha
Makhleb
Okawaru
Sif Muna
Trog
Vehumet
Yredelemnul
The Shining One

Shops:
D:4 (   D:6 (

Annotations:
D:3 disint


Message History

Throwing (i - inventory. (,) - cycle):
e - 2 tomahawks of dispersal (quivered)
Press: ? - help, Shift-Dir - straight line, f/p - wyvern zombie
Aim: a wyvern zombie You throw a tomahawk of dispersal.
The tomahawk of dispersal hits the wyvern zombie.
The wyvern zombie blinks!
Throwing (i - inventory. (,) - cycle):
e - a tomahawk of dispersal (quivered)
Press: ? - help, Shift-Dir - straight line, f/p - wyvern zombie
Aim: a wyvern zombie You throw a tomahawk of dispersal.
The tomahawk of dispersal barely misses the wyvern zombie.
The wyvern zombie bites you!
* * * LOW HITPOINT WARNING * * *
Casting: Blink
Confirm with . or Enter, or press ? or * to list all spells.
You miscast Blink.
You are very lightly contaminated with residual magic.
The floor and the ceiling briefly switch places.
The wyvern zombie bites you.
You die...

..#.##.#.##..######.###'#.##...###
... ....#..................##...#..
.........................∩.........
#.....#............................
#.....#.#.###....................##
...#.##.#.......####'##..........##
...+.................##..........##
...###..#.#...##.....##..........##
.................@Z..#####.......##
.#...#..####..######.# #.......##
#...#..# #..# ##§############.'
#####..# #..## #......# #.# ## #..#
#...####......########.# .#.
...####......+.........##....# .#Z
##............#..........#....# ...
.............#................
..$###.##.........#......##....#...


You could see a wyvern zombie.

Vanquished Creatures
  Pikel (D:3)
  4 slaves
  2 ice beasts (D:6)
  Sigmund (D:4)
  A scorpion (D:6)
  2 crimson imps (D:5)
  A goliath beetle (D:6)
  3 hounds
  An iguana (D:4)
  A centaur skeleton (D:4)
  3 orc priests (D:4)
  A worker ant (D:4)
  A mummy (D:4)
  8 gnolls
  11 adders
  2 worms
  An adder skeleton (D:4)
  3 giant geckos
  2 oozes
  8 orcs
  A ball python (D:1)
  8 giant cockroaches
  9 hobgoblins
  5 jackals
  A quokka (D:3)
  5 bats
  8 giant newts
  18 goblins
  7 kobolds
  23 rats
  2 ballistomycetes (D:6)
144 creatures vanquished.

Vanquished Creatures (others)
  A giant spore (D:6)
1 creature vanquished.

Grand Total: 145 creatures vanquished

Notes
Turn   | Place    | Note
--------------------------------------------------------------
     0 | D:1      | abixa, the Human Warper, began the quest for the Orb.
     0 | D:1      | Reached XP level 1. HP: 16/16 MP: 3/3
     2 | D:1      | Noticed a felid
     4 | D:1      | Noticed a human
     4 | D:1      | Noticed a spriggan
     6 | D:1      | Noticed a merfolk
     6 | D:1      | Noticed a formicid
    10 | D:1      | Noticed a troll
    12 | D:1      | Noticed a minotaur
    12 | D:1      | Noticed an elf
    14 | D:1      | Noticed a demigod
    14 | D:1      | Noticed a vine stalker
    16 | D:1      | Noticed an ogre
    16 | D:1      | Noticed a vampire
    18 | D:1      | Noticed a draconian
    18 | D:1      | Noticed a dwarf
    20 | D:1      | Noticed a demonspawn
    20 | D:1      | Noticed a gargoyle
    22 | D:1      | Noticed a tengu
    24 | D:1      | Noticed an octopode
    24 | D:1      | Noticed a centaur
    26 | D:1      | Noticed a naga
    26 | D:1      | Noticed a ghoul
   200 | D:1      | Reached XP level 2. HP: 16/22 MP: 4/4
   204 | D:1      | Learned a level 2 spell: Blink
   578 | D:1      | Reached XP level 3. HP: 19/27 MP: 6/6
   948 | D:2      | Reached XP level 4. HP: 29/33 MP: 7/7
   964 | D:2      | Reached skill level 4 in Long Blades
  1094 | D:2      | Reached XP level 5. HP: 31/38 MP: 9/9
  1264 | D:2      | Found a glowing golden altar of the Shining One.
  1265 | D:2      | Noticed an angel
  1283 | D:2      | Found a basalt altar of Yredelemnul.
  1284 | D:2      | Noticed a profane servitor
  1384 | D:2      | Reached skill level 5 in Long Blades
  1573 | D:3      | Found a bloodstained altar of Trog.
  3049 | D:3      | Reached XP level 6. HP: 33/44 MP: 10/10
  3601 | D:4      | Noticed Sigmund
  3899 | D:4      | Found Saul Blag's Antique Weapon Shoppe.
  3922 | D:4      | Reached skill level 6 in Long Blades
  4282 | D:4      | Noticed Pikel
  4282 | D:4      | Noticed a slave
  4283 | D:4      | Noticed a slave
  4283 | D:4      | Noticed a slave
  4364 | D:4      | Noticed a slave
  4400 | D:5      | Entered Level 5 of the Dungeon
  4684 | D:5      | Reached XP level 7. HP: 32/50 MP: 12/12
  5606 | D:4      | Bought an ebony falchion for 216 gold pieces
  5721 | D:6      | Found Naocva's Antique Weapon Shop.
  6341 | D:5      | Identified the +8 falchion "Cluhoc" {vamp, +Fly} (You bought it in a shop on level 4 of the Dungeon)
  6759 | D:4      | Killed Sigmund
  6983 | D:4      | Found a staircase to the Ecumenical Temple.
  6988 | Temple   | Entered the Ecumenical Temple
  6997 | Temple   | Became a worshipper of Warmaster Okawaru
  7247 | D:4      | Reached skill level 5 in Translocations
  7250 | D:4      | Got a twisted short sword
  7358 | D:4      | Killed a slave
  7466 | D:4      | Killed a slave
  7519 | D:4      | Killed a slave
  7562 | D:3      | Killed a slave
  7719 | D:3      | Killed Pikel
  7719 | D:3      | Acquired Okawaru's first power
  7719 | D:3      | Reached skill level 7 in Long Blades
  7719 | D:3      | Reached XP level 8. HP: 51/61 MP: 13/13
  8048 | D:6      | Reached XP level 9. HP: 67/67 MP: 14/14
  8079 | D:6      | Reached skill level 5 in Fighting
  8178 | D:6      | HP: 2/68 [wyvern zombie (8)]
  8179 | D:6      | Slain by a wyvern zombie

Action                   |  1- 3 |  4- 6 |  7- 9 || total
-------------------------+-------+-------+-------++-------
Melee: Falchion          |   125 |   352 |   257 ||   734
 Fire: Hunting sling     |       |   126 |    17 ||   143
Throw: Stone             |     3 |     7 |    22 ||    32
       Tomahawk          |       |       |     5 ||     5
 Cast: Blink             |       |    10 |    14 ||    24
       Apportation       |       |     2 |       ||     2
Evoke: Wand              |       |       |     5 ||     5
  Use: Scroll            |       |       |     8 ||     8
 Stab: Confused          |       |       |     1 ||     1
  Eat: Chunk             |       |    12 |    12 ||    24
       Meat ration       |       |       |     1 ||     1
